 Dungeon Crawl Stone Soup version 0.31.0-11-ge490571c62 (webtiles) character file.

Game seed: 17347874766864780153

1563 browni3141 the Cleaver (level 8, -5/71 HPs)
             Began as a Minotaur Fighter on Jan 29, 2024.
             Was a Follower of Okawaru.
             Killed from afar by Maurice (10 damage)
             ... with a bolt of acid
             ... on level 7 of the Dungeon.
             The game lasted 00:02:30 (4690 turns).

browni3141 the Cleaver (Minotaur Fighter)           Turns: 4690, Time: 00:02:31

Health: -5/71      AC:  3    Str: 29    XL:     8   Next: 58%
Magic:  4/7        EV: 14    Int:  5    God:    Okawaru [*.....]
Gold:   304        SH:  5    Dex: 10    Spells: 7/7 levels left

rFire   . . .        a - +0 war axe
rCold   . . .        c - +0 buckler
rNeg    . . .        u - +0 chain mail
rPois   .            (helmet restricted)
rElec   .            (no cloak)
rCorr   .            (no gloves)
SInv    .            t - +0 pair of boots
Will    .....        (no amulet) Stlth
                     g - +5 ring of evasion
HPRegen 0.31/turn    E - +6 ring of strength
MPRegen 0.10/turn

%: no passive effects
@: corroded
A: horns 2, retaliatory headbutt
a: Renounce Religion, Heroism


You were on level 7 of the Dungeon.
You worshipped Okawaru.
Okawaru was aware of your devotion.
You visited 2 branches of the dungeon, and saw 8 of its levels.

You collected 304 gold pieces.

Inventory:

Hand Weapons
 a - a +0 war axe (weapon)
Missiles
 k - a throwing net (quivered)
 o - 12 javelins
 w - 4 boomerangs
 G - a curare-tipped dart
Armour
 b - a +0 scale mail
 c - a +0 buckler (worn)
 t - a +0 pair of boots (worn)
 u - a +0 chain mail (worn)
Jewellery
 g - a +5 ring of evasion (left hand)
 h - a ring of ice
 q - a ring of positive energy
 D - a ring of positive energy
 E - a +6 ring of strength (right hand)
Wands
 C - a wand of flame (16)
Scrolls
 j - 4 scrolls of enchant weapon {unknown}
 l - 4 scrolls of amnesia {unknown}
 m - a scroll of poison {unknown}
 p - a scroll of vulnerability {unknown}
 r - a scroll of revelation {unknown}
 s - 2 scrolls of noise {unknown}
 x - 5 scrolls of identify {unknown}
 z - 2 scrolls of teleportation {unknown}
 B - a scroll of fear {unknown}
Potions
 d - 2 potions of might
 e - a potion of berserk rage {unknown}
 f - 7 potions of curing {unknown}
 i - 2 potions of lignification {unknown}
 n - a potion of degeneration {unknown}
 v - a potion of invisibility {unknown}
 A - 4 potions of mutation {unknown}
 F - a potion of brilliance {unknown}


   Skills:
 + Level 6.8 Fighting
 * Level 8.3 Axes
 + Level 1.0 Throwing
 + Level 6.7 Armour
 + Level 6.6 Shields
 + Level 0.8 Invocations
 + Level 0.7 Evocations


You had 7 spell levels left.
You didn't know any spells.
Your spell library contained the following spells:

 Spells                   Type           Power      Damage    Failure   Level
 Scorch                   Fire           0%         2d5       98%         2
 Gell's Gravitas          Tloc           0%         N/A       100%        3
 Teleport Other           Tloc           0%         N/A       100%        3
 Anguish                  Hex/Necr       0%         N/A       100%        4
 Cause Fear               Hex            0%         N/A       100%        4
 Flame Wave               Conj/Fire      0%         2d4       100%        4
 Dispersal                Tloc           0%         N/A       100%        6
 Enfeeble                 Hex            0%         N/A       100%        7
 Summon Cactus Giant      Summ           Unusable   N/A       N/A         6

Dungeon Overview and Level Annotations

Branches:
Dungeon (7/15)             Temple (1/1) D:5

Altars:
Ashenzari
Cheibriados
Dithmenos
Elyvilon
Fedhas
Gozag
Hepliaklqana
Kikubaaqudgha
Makhleb
Nemelex Xobeh
Okawaru
Qazlal
Sif Muna
Trog
Uskayaw
Vehumet
Wu Jian
Xom
Yredelemnul
Zin
The Shining One

Annotations:
D:4 2 runed translucent doors, TheBioAlchemist's ghost, novice GnHs
D:5 exclusion: oklob plant
D:7 Maurice


Innate Abilities, Weirdness & Mutations

You have a pair of horns on your head.
You reflexively headbutt those who attack you in melee.


Message History

Okawaru accepts your kill.
You hit the kobold.
The kobold is severely wounded.
You hit the kobold. The kobold hits you but does no damage.
You slash the kobold!
You kill the kobold!
Okawaru accepts your kill.
You completely miss the kobold. You hit the kobold.
You kill the kobold!
Okawaru accepts your kill. The kobold hits you but does no damage.
You hit the kobold.
You kill the kobold!
Okawaru accepts your kill.
You barely miss the kobold. The kobold hits you but does no damage.
You block the kobold's attack. The kobold misses you.
Your Throwing skill increases to level 1!
You closely miss the kobold. You headbutt the kobold.
You kill the kobold!
Okawaru accepts your kill.
You closely miss the kobold. The kobold hits you but does no damage.
You miss the kobold. You headbutt the kobold.
You kill the kobold!
Okawaru accepts your kill.
You slash the kobold!
You kill the kobold!
No target in view!
No target in view!
No target in view!
HP restored.
Items here: (( ))))) [ †††††.
G - a curare-tipped dart
Items here: )))) ††.
Items here: (( ))))) [ †††††.
w - 5 boomerangs (gained 2)
x - 5 scrolls labelled PODEIS AREWAE (gained 1)
Items here: ))))) [ ††.
Items here: (( ))))) [ †††††.
You see here a +2 robe of resistance.
You open the door.
Maurice the Thief comes into view.
He is wielding a +0 dagger and carrying a wand of acid.
Found a radiant altar of Vehumet and a glowing golden altar of the Shining One.
Maurice is nearby!
Found a hide-covered altar of Uskayaw.
There is an open door here.
Maurice is nearby!
Maurice is nearby!
You hit Maurice.
Maurice is lightly wounded.
Maurice mumbles some strange words.
Maurice flickers and vanishes!
Deactivating autopickup; reactivate with Ctrl-A.
No target in view!
There is a strange disturbance nearby!
You miss something.
You hear a zap.
A bolt of acid appears from out of thin air!
The bolt of acid misses you.
You hit something but do no damage.
You hear a zap.
A bolt of acid appears from out of thin air!
The bolt of acid hits you! The acid corrodes you!
You hit something. Your headbutt misses something. Something hits you.
Something steals 1 of your 5 boomerangs!
You block something's attack.
You barely miss something.
You hear a zap.
A bolt of acid appears from out of thin air!
The bolt of acid misses you.
You closely miss something. Your headbutt misses something.
You hear a zap.
A bolt of acid appears from out of thin air!
The bolt of acid misses you. You block something's attack. Something bites you.
You feel your power leaking away. Something drains your magic.
You miss something. Your headbutt misses something.
Something hits you but does no damage. Something bites you.
You feel your power leaking away. Something drains your magic.
You slash something!
You hear a zap.
A bolt of acid appears from out of thin air!
The bolt of acid hits you! The acid corrodes you!
You miss something. Your headbutt misses something. Something hits you.
Something steals your amulet of magic regeneration!
Something barely misses you. You block something's attack.
Something bites you but does no damage.
There is an open door here.
A boomerang appears from out of thin air!
The boomerang barely misses you.
You hear a zap.
A bolt of acid appears from out of thin air!
The bolt of acid hits you!!
You hear a zap.
A bolt of acid appears from out of thin air!
The bolt of acid hits you!
You hear a zap.
A bolt of acid appears from out of thin air!
The bolt of acid hits you!
You die...

.....# ##..#
.....#
##########.#
......
#.......##.#
#####.#
#.......##.##
#.......##..##
#####.......###..#
........[...####.#
####.........##.#
#...^@..#....#
####.......####..#
##....{.....# ####
##..##'##....#
##..##~.≈##..##
##..##≈~.~≈##..##
#..##≈≈...~≈##..#
#..##~.....~##..#
#.##8_.._.._8##.#


There were no monsters in sight!

Vanquished Creatures
  An orc warrior (D:7)
  2 phantoms
  A kobold brigand (D:7)
  2 bullfrogs
  5 scorpions
  4 killer bees (D:6)
  A jelly (D:6)
  A hound (D:6)
  3 orc priests
  A sleepcap (D:6)
  2 iguanas
  5 orc wizards
  Terence (D:3)
  7 gnolls
  6 adders
  A shadow imp (D:6)
  A white imp (D:7)
  5 dart slugs
  2 ribbon worms (D:2)
  30 orcs
  5 ball pythons
  5 bats
  5 endoplasms
  2 giant cockroaches (D:1)
  6 goblins
  6 hobgoblins
  2 jackals (D:1)
  5 quokkas
  3 frilled lizards
  10 kobolds
  12 rats
142 creatures vanquished.

Notes
Turn   | Place    | Note
-------+----------+-------------------------------------------
     0 | D:1      | browni3141 the Minotaur Fighter began the quest for the
                  | Orb.
     0 | D:1      | Reached XP level 1. HP: 19/19 MP: 0/0
    64 | D:1      | Reached XP level 2. HP: 22/27 MP: 1/1
   135 | D:1      | Reached skill level 3 in Axes
   250 | D:1      | Reached XP level 3. HP: 32/33 MP: 2/2
   945 | D:2      | Reached XP level 4. HP: 26/40 MP: 3/3
  1054 | D:2      | Identified the +0 robe of Dum Kopoicry {Rampage}
  1123 | D:2      | Reached skill level 4 in Axes
  1252 | D:3      | Noticed Terence
  1259 | D:3      | Killed Terence
  1503 | D:3      | Found a snail-covered altar of Cheibriados.
  1548 | D:3      | Reached XP level 5. HP: 47/47 MP: 4/4
  2119 | D:4      | Found a runed translucent door.
  2125 | D:4      | Noticed TheBioAlchemist's ghost (novice GnHs)
  2164 | D:4      | Found a runed translucent door.
  2224 | D:4      | Reached skill level 5 in Axes
  2639 | D:5      | Entered Level 5 of the Dungeon
  2671 | D:5      | Reached XP level 6. HP: 55/55 MP: 5/5
  2687 | D:5      | Reached skill level 5 in Fighting
  2689 | D:5      | Reached skill level 5 in Armour
  2707 | D:5      | HP: 2/56 [orc priest/divine providence (16)]
  2711 | D:5      | Reached skill level 5 in Shields
  2999 | D:5      | Found a staircase to the Ecumenical Temple.
  3006 | D:5      | Reached skill level 6 in Axes
  3006 | D:5      | Reached XP level 7. HP: 61/61 MP: 6/6
  3013 | Temple   | Entered the Ecumenical Temple
  3026 | Temple   | Became a worshipper of Warmaster Okawaru
  3221 | D:5      | Found a blossoming altar of Fedhas.
  3241 | D:5      | Noticed an oklob plant
  3796 | D:6      | Reached * piety under Okawaru
  3797 | D:6      | Reached skill level 7 in Axes
  3977 | D:6      | Reached XP level 8. HP: 68/70 MP: 7/7
  4526 | D:7      | Reached skill level 8 in Axes
  4540 | D:7      | Reached skill level 1 in Throwing
  4672 | D:7      | Found a radiant altar of Vehumet.
  4672 | D:7      | Found a glowing golden altar of the Shining One.
  4672 | D:7      | Noticed Maurice
  4673 | D:7      | Found a hide-covered altar of Uskayaw.
  4678 | D:7      | Something stole 5 boomerangs
  4683 | D:7      | Something stole an amulet of magic regeneration
  4690 | D:7      | Killed from afar by Maurice

Illustrated notes

Levels and vault maps discovered:
D:1:      eino_arrival_druids_welcome, layout_loops_ring, minmay_close_crescents
D:2:      layout_rooms, chequers_hall_statues_corner_a
D:3:      layout_rooms, mainiacjoe_overflow_surrounded_room, uniq_terence
D:4:      layout_basic, ebering_ghost_sewer_f
D:5:      layout_cave_pools, tgw_fedhas, minmay_temple_entry_butterflies,
          serial_column_ruins, column_ruins_open_small, column_ruins_open_tiny,
          column_ruins_grid_1
D:6:      hellmonk_crumbling_castle, layout_cave_pods, nicolae_tricolors
D:7:      layout_rooms, gammafunk_temple_overflow_claw, uniq_maurice
Temple:   eino_temple_scatter_basement

Skill      XL: |  1  2  3  4  5  6  7  8 |
---------------+-------------------------+-----
Axes           | 3 4 5 6 7 8 |  8.3
Fighting       | 4 5 6 |  6.8
Armour         | 4 5 6 |  6.7
Shields        | 4 5 6 |  6.6
Throwing       | 1 |  1.0
Invocations    | |  0.8
Evocations     | |  0.7

Action                     |  1- 3 |  4- 6 |  7- 9 || total
---------------------------+-------+-------+-------++-------
  Melee: War axe           |    70 |   112 |   101 ||   283
         Headbutt          |    14 |    14 |    14 ||    42
 Invoke: Heroism           |       |       |     1 ||     1
 Armour: Scale mail        |    40 |    12 |       ||    52
         Chain mail        |       |    70 |    84 ||   154
  Dodge: Dodged            |    41 |    93 |    79 ||   213
  Block: Buckler           |    14 |    25 |    34 ||    73
